 Dungeon Crawl Stone Soup version 0.22-a0-355-g201945fe43 (webtiles) character file.

12 KleinerIrrer the Poker (level 2, -1/27 HPs)
             Began as a Naga Gladiator on Apr 18, 2018.
             Slain by a jackal (2 damage)
             ... on level 1 of the Dungeon.
             The game lasted 00:00:30 (58 turns).

KleinerIrrer the Poker (Naga Gladiator)               Turns: 58, Time: 00:00:30

Health: -1/27      AC:  3    Str: 16    XL:     2   Next: 33%
Magic:  2/2        EV: 10    Int:  8    God:
Gold:   0          SH:  0    Dex: 12    Spells: 1/1 levels left

rFire    . . .     SeeInvis +   a - +0 trident
rCold    . . .     Gourm    .   (no shield)
rNeg     . . .     Faith    .   b - +0 leather armour
rPois    +         Spirit   .   c - +0 helmet
rElec    .         Reflect  .   (no cloak)
rCorr    .         Harm     .   (no gloves)
MR       .....                  (no barding)
Stlth    +.........             (no amulet)
HPRegen  0.09/turn              (no ring)
MPRegen  0.08/turn              (no ring)

@: very slow
A: large, see invisible, deformed body, poison resistance, slowness 2, slow
metabolism 1, spit poison 1, AC +0
a: Spit Poison


You were on level 1 of the Dungeon.
You were not hungry.

You visited 1 branch of the dungeon, and saw 1 of its levels.

Inventory:

Hand Weapons
 a - a +0 trident (weapon)
Missiles
 d - 3 throwing nets (quivered)
Armour
 b - a +0 leather armour (worn)
 c - a +0 helmet (worn)
Scrolls
 e - a scroll of magic mapping {unknown}
Comestibles
 f - a ration
 g - a chunk of flesh


   Skills:
 + Level 2.5 Fighting
 - Level 3.0 Polearms
 - Level 1.7 Throwing
 + Level 2.7 Dodging


You had one spell level left.
You didn't know any spells.

Dungeon Overview and Level Annotations

Branches:
Dungeon (1/15)

Altars:


Innate Abilities, Weirdness & Mutations

You cannot wear boots.
Your serpentine skin is tough. (AC +0)
You have supernaturally acute eyesight. (SInv)
Armour fits poorly on your strangely shaped body.
Your system is resistant to poisons. (rPois)
You cover ground very slowly.
You have a slow metabolism.
You can spit poison.


Message History

* * * LOW HITPOINT WARNING * * *
The jackal closely misses you.
You puncture the jackal!
You kill the jackal!
The jackal barely misses you.
You miss the jackal. The jackal bites you.
* * * LOW HITPOINT WARNING * * *
You hit the jackal but do no damage. The jackal barely misses you.
The jackal completely misses you.
You closely miss the jackal. The jackal closely misses you.
You puncture the jackal!
You kill the jackal!
The jackal barely misses you.
You hit the jackal.
The jackal is moderately wounded.
The jackal bites you but does no damage.
You miss the jackal.
The jackal is moderately wounded.
The jackal closely misses you. The jackal bites you.
You die...

...... #.#.#..# # #.....
#.#.#..#.#
#.....########.#.#..#.##
........................
#...... ##.###.#..(...#
#......###.###.##''####
...............##..#
#####.)##.######''###
##@##.# #......# #h##.#
#.≈§§≈.# #s##.# #.§§≈≈.#
#..#.# #......# ...#..
###''### ...#.. #<.#
.... #### ...#.


You could see a jackal and a giant cockroach.

Vanquished Creatures
  A bat (D:1)
  A giant cockroach (D:1)
  A goblin (D:1)
  2 hobgoblins (D:1)
  3 jackals (D:1)
  2 rats (D:1)
10 creatures vanquished.

Notes
Turn   | Place    | Note
-------+----------+-------------------------------------------
     0 | D:1      | KleinerIrrer the Naga Gladiator began the quest for the Orb.
     0 | D:1      | Reached XP level 1. HP: 19/19 MP: 1/1
    44 | D:1      | Reached XP level 2. HP: 17/27 MP: 2/2
    53 | D:1      | HP: 1/27 [jackal (2)]
    58 | D:1      | Slain by a jackal

Vault maps used:
D:1:      lightli_arrival_lavapool, serial_bayou_pond_e, nrook_uturn,
          minmay_pentomino_z2

Action                   || total
-------------------------++-------
Melee: Trident           ||    34
Armor: Leather armour    ||    11
Dodge: Dodged            ||    19

Table legend:
 A = Spawn XP
 B = Non-spawn XP
 C = Spawn XP percentage of total XP
 D = Spawn monster count
 E = Non-spawn monster count
 F = Spawn count percentage of total count
 G = Total turns spent on level
                    A         B        C        D         E        F      G
               +---------+---------+-------+---------+---------+-------+---------
         Total |       0 |      18 |   0.0 |       0 |      10 |   0.0 |    58
               +---------+---------+-------+---------+---------+-------+---------
           D:1 |       0 |      18 |   0.0 |       0 |      10 |   0.0 |    58
               +---------+---------+-------+---------+---------+-------+---------
